 Dungeon Crawl Stone Soup version 0.24.0-41-g2ae2f7f1be (webtiles) character file.

Game seed: 2709707585304811871, levelgen mode: deterministic

737 FishyPogo the Skirmisher (level 7, -7/64 HPs)
             Began as a Minotaur Berserker on Dec 14, 2019.
             Was a Priest of Trog.
             Killed by divine providence
             ... invoked by an orc priest
              (12 damage)
             ... on level 5 of the Dungeon.
             The game lasted 00:07:11 (2858 turns).

FishyPogo the Skirmisher (Minotaur Berserker)       Turns: 2858, Time: 00:07:11

Health: -7/64      AC:  8    Str: 22    XL:     7   Next: 46%
Magic:  6/6        EV: 12    Int:  4    God:    Trog [***...]
Gold:   202        SH:  0    Dex: 11    Spells: 6/6 levels left

rFire    . . .     SeeInvis .   a - +0 falchion
rCold    + . .     Gourm    .   (no shield)
rNeg     . . .     Faith    .   v - +1 ring mail {rPois}
rPois    +         Spirit   .   (helmet restricted)
rElec    .         Reflect  .   (no cloak)
rCorr    .         Harm     .   (no gloves)
MR       ++...                  j - +0 pair of boots
Stlth    +.........             z - amulet of magic regeneration
HPRegen  1.20/turn              u - ring of protection from cold
MPRegen  0.35/turn              (no ring)

@: berserk cooldown, starving, regenerating, hasted and slowed
A: retaliatory headbutt, horns 2
a: Berserk, Trog's Hand, Renounce Religion


You were on level 5 of the Dungeon.
You worshipped Trog.
Trog was most pleased with you.
You were starving.

You visited 1 branch of the dungeon, and saw 5 of its levels.

You collected 202 gold pieces.

Inventory:

Hand Weapons
 a - a +0 falchion (weapon)
Missiles
 e - 125 stones (quivered)
 m - 29 poisoned darts
 s - a throwing net
 B - 4 boomerangs
Armour
 j - a +0 pair of boots (worn)
 v - a +1 ring mail of poison resistance (worn)
Jewellery
 u - a ring of protection from cold (left hand)
 z - an amulet of magic regeneration (around neck)
Wands
 d - a wand of enslavement (3)
 A - a wand of digging (5)
Scrolls
 b - 3 scrolls of teleportation {unknown}
 f - a scroll of enchant armour {unknown}
 i - a scroll of magic mapping
 l - 2 scrolls of identify
 n - 2 scrolls of remove curse
 o - a scroll of torment {unknown}
Potions
 h - 2 potions of curing {unknown}
 k - a potion of mutation {unknown}
 p - a potion of magic {unknown}
 t - a potion of experience
Comestibles
 c - 9 rations


   Skills:
 * Level 6.4 Fighting
 - Level 4.0 Long Blades
 * Level 3.9 Throwing
 * Level 5.8 Armour
 + Level 4.0 Dodging


You had 6 spell levels left.
You didn't know any spells.
Your spell library was empty.

Dungeon Overview and Level Annotations

Branches:
Dungeon (5/15)
 Temple: D:4-7

Altars:
Fedhas
Kikubaaqudgha
Wu Jian
Beogh

Annotations:
D:3 1 runed translucent door


Innate Abilities, Weirdness & Mutations

You reflexively headbutt those who attack you in melee.
You have a pair of horns on your head.


Message History

The orc priest is almost dead.
The orc hits you from afar with a +0 trident.
* * * LOW HITPOINT WARNING * * *
The orc priest hits you with a +0 trident!
* * * LOW HITPOINT WARNING * * *
The orc barely misses you. The orc closely misses you.
You closely miss the orc priest.
The orc priest is almost dead.
You feel the effects of Trog's Hand fading.
The orc priest hits you but does no damage.
The orc closely misses you. The orc barely misses you.
The orc priest hits you with a +0 trident.
* * * LOW HITPOINT WARNING * * *
Okay, then.
Okay, then.
It was a potion of haste.
You feel yourself speed up. The orc closely misses you.
The orc hits you but does no damage.
The orc priest calls down the wrath of Beogh upon you.
Beogh smites you!
You die...

##* *......,,,* * #.#########*
*........,* *
#..........###........,***
*#...(...#..<.........,,,,
#....................,,,,
******###.%.....#..#.##......,,,,
,,,,,,.......<.r##...........,,,,
*,****###.....so####.#.......,,,,
*,******#####.oo@†.....##..,,,,,,
*,,,,,,,,.....####..####**,,,,,,,
*,,,,,,,,..##..**#.## ***,,,,,,,
*,,,,,,,,,,*##.,*#?# ***,,,,,,,,,
*,********** *.,,#.#**,,,,,,,,,,,
*,* *..,..#*,,,,***,,,,, *,*
***,,..#.,,,,**,,,,,*, *,*
***,,,...,.,,,*,,,,,,,,, *,*
*,,,,...M,$#,,,,**,,***,


You could see a scorpion, an orc priest, 2 orcs and a quokka.

Vanquished Creatures
  Menkaure (D:5)
  The ghost of raetorn the Ruffian, an amateur DrTm (D:3)
  A howler monkey (D:4)
  A hound (D:4)
  A centaur skeleton (D:4)
  3 orc priests
  2 orc wizards (D:3)
  2 iguanas
  5 adders
  4 gnolls (D:3)
  An ooze (D:5)
  5 worms
  3 dart slugs
  A leopard gecko (D:2)
  11 orcs
  2 ball pythons (D:1)
  5 bats
  2 giant cockroaches
  3 goblins (D:1)
  3 hobgoblins (D:1)
  8 jackals
  3 quokkas
  5 frilled lizards
  10 kobolds
  6 rats
89 creatures vanquished.

Notes
Turn   | Place    | Note
-------+----------+-------------------------------------------
     0 | D:1      | FishyPogo the Minotaur Berserker began the quest for the
                  | Orb.
     0 | D:1      | Reached XP level 1. HP: 19/19 MP: 0/0
    97 | D:1      | Reached XP level 2. HP: 17/27 MP: 1/1
   175 | D:1      | Reached skill level 4 in Fighting
   456 | D:1      | Reached ** piety under Trog
   593 | D:2      | Reached XP level 3. HP: 33/33 MP: 2/2
  1200 | D:3      | Reached skill level 1 in Throwing
  1263 | D:3      | Reached XP level 4. HP: 41/41 MP: 3/3
  1487 | D:3      | Found a roughly hewn altar of Beogh.
  1494 | D:3      | Reached XP level 5. HP: 45/47 MP: 4/4
  1498 | D:3      | Reached skill level 5 in Fighting
  1535 | D:3      | Found a runed translucent door.
  1540 | D:3      | Noticed raetorn's ghost (amateur DrTm)
  1550 | D:3      | Killed raetorn's ghost
  1550 | D:3      | Reached XP level 6. HP: 56/56 MP: 5/5
  1560 | D:3      | Found a runed translucent door.
  1997 | D:4      | Reached *** piety under Trog
  2022 | D:4      | Reached skill level 5 in Armour
  2286 | D:4      | Reached XP level 7. HP: 55/62 MP: 6/6
  2301 | D:4      | Found an ornate altar of the Wu Jian Council.
  2333 | D:4      | Reached skill level 6 in Fighting
  2558 | D:4      | Found a blossoming altar of Fedhas.
  2558 | D:4      | Found an ancient bone altar of Kikubaaqudgha.
  2748 | D:5      | Entered Level 5 of the Dungeon
  2828 | D:5      | Noticed Menkaure
  2845 | D:5      | Killed Menkaure
  2856 | D:5      | HP: 3/64 [orc priest/+0 trident (8)]
  2858 | D:5      | Killed from afar by an orc priest

Levels and vault maps discovered:
D:1:      roderic_crossed_star, layout_basic, nrook_uturn
D:2:      layout_loops_ring
D:3:      layout_loops_cross, ebering_ghost_sewer_f, kennysheep_orc_chapel
D:4:      layout_basic, grunt_temple_overflow_growth_and_decay,
          lemuel_statue_altar
D:5:      layout_rooms, first_ration, gup_sewer_entry_pipe, uniq_menkaure

Skill      XL: |  1  2  3  4  5  6  7 |
---------------+----------------------+-----
Fighting       | 4 5 6 |  6.4
Armour         | 3 4 5 |  5.8
Long Blades    | 4 |  4.0
Throwing       | 1 2 3 |  3.9
Dodging        | 3 4 |  4.0

Action                   |  1- 3 |  4- 6 |  7- 9 || total
-------------------------+-------+-------+-------++-------
Melee: Falchion          |    66 |    91 |    37 ||   194
       Headbutt          |    15 |    19 |     9 ||    43
Throw: Stone             |       |    13 |       ||    13
Invok: Berserk           |     1 |     3 |     1 ||     5
       Trog's Hand       |       |     2 |     1 ||     3
  Use: Scroll            |       |       |     8 ||     8
       Potion            |       |       |     1 ||     1
 Stab: Sleeping          |       |     1 |       ||     1
  Eat: Chunk             |     1 |     8 |     1 ||    10
Armor: Animal skin       |    18 |     3 |       ||    21
       Ring mail         |       |    19 |    12 ||    31
Dodge: Dodged            |    60 |    43 |    26 ||   129
       Rpst.: Falchion   |    14 |    14 |     5 ||    33
